 Dungeon Crawl Stone Soup version 0.29.0-11-gd7f09526c8 (webtiles) character file.

Game seed: 16445009855232186899

3854 xian the Chopper (level 9, 0/69 HPs)
             Began as a Demonspawn Chaos Knight on Sept 5, 2022.
             Was a Plaything of Xom.
             Slain by an orc warrior
             ... wielding a +0 glaive
              (19 damage)
             ... in a bailey.
             The game lasted 00:21:23 (6868 turns).

xian the Chopper (Demonspawn Chaos Knight)          Turns: 6868, Time: 00:21:24

Health: 0/69       AC: 13    Str: 16    XL:     9   Next: 99%
Magic:  9/9        EV: 13    Int: 13    God:    Xom [.*....]
Gold:   372        SH:  5    Dex: 20    Spells: 8/8 levels left

rFire   . . .      SeeInvis .   d - +4 flail (vorpal)
rCold   . . .      Faith    .   p - +0 buckler
rNeg    + . .      Spirit   .   t - +0 ring mail of Ru's Supremacy {Rampage Drain rElec rN+}
rPois   .          Reflect  .   (no helmet)
rElec   +          Harm     .   (no cloak)
rCorr   .          Rampage  +   (no gloves)
Will    +....                   (no boots)
Stlth   +++.......              (no amulet)
HPRegen 0.21/turn               f - +4 ring of protection
MPRegen 0.11/turn               s - +6 ring of dexterity

@: about to teleport
A: hooves 2, slimy green scales 2, powered by pain 1, spiny 1, strong-willed 1
a: Renounce Religion


You were in a bailey.
You worshipped Xom.
You were a plaything of Xom.
You visited 1 branch of the dungeon, and saw 7 of its levels.
You also visited: Bailey.

You collected 372 gold pieces.

Inventory:

Hand Weapons
 a - a +1 hand axe of electrocution
 d - a +4 vorpal flail (weapon)
Missiles
 x - 5 boomerangs of dispersal
Armour
 b - a +3 leather armour
 p - a +0 buckler (worn)
 t - the +0 ring mail of Ru's Supremacy (worn) {Rampage Drain rElec rN+}
   (You found it on level 4 of the Dungeon)

   rElec:     It insulates you from electricity.
   rN:        It protects you from negative energy.
   Drain:     It drains your maximum health when unequipped.
   Rampage:   It bestows one free step when moving towards enemies.
 v - a +0 pair of boots
Jewellery
 f - a +4 ring of protection (left hand)
 k - a ring of protection from fire
 s - a +6 ring of dexterity (right hand)
 u - a ring of resist corrosion
Wands
 q - a wand of iceblast (12)
 r - a wand of polymorph (6)
Scrolls
 e - a scroll of silence
 g - 2 scrolls of fear
 j - 2 scrolls of teleportation
 l - 2 scrolls of poison
 n - 2 scrolls of enchant weapon
 y - a scroll of magic mapping
Potions
 h - a potion of haste
 i - 4 potions of curing
 m - a potion of flight
Miscellaneous
 c - a piece from Xom's chessboard (14/15) (quivered)


   Skills:
 + Level 5.6 Fighting
 + Level 7.4(7.8) Axes
 + Level 3.8(6.1) Maces & Flails
 + Level 5.8 Armour
 + Level 5.3 Dodging
 + Level 4.9 Stealth
 + Level 1.6 Shields
 + Level 1.7 Evocations


You had 8 spell levels left.
You didn't know any spells.
Your spell library contained the following spells:

 Spells                   Type           Power      Damage    Failure   Level
 Sting                    Tmut/Pois      0%         1d3       58%         1
 Poisonous Vapours        Pois/Air       0%         N/A       73%         2
 Conjure Flame            Conj/Fire      0%         6-21      91%         3
 Ignite Poison            Fire/Tmut/Pois 0%         N/A       91%         3
 Inner Flame              Hex/Fire       0%         N/A       91%         3
 Mephitic Cloud           Conj/Pois/Air  0%         N/A       91%         3
 Cause Fear               Hex            0%         N/A       100%        4
 Olgreb's Toxic Radiance  Pois           0%         N/A       100%        4
 Sticky Flame             Conj/Fire      0%         2d3       100%        4
 Freezing Cloud           Conj/Ice/Air   0%         6-21      100%        5
 Discord                  Hex            0%         N/A       100%        8


Dungeon Overview and Level Annotations

Branches:
Dungeon (7/15)             Bailey (1/1)
 Temple: D:4-7

Altars:
Gozag
Kikubaaqudgha
Xom

Shops:
D:1 !([

Annotations:
Bailey 2 runed translucent doors


Innate Abilities, Weirdness & Mutations

You have hoof-like feet.
You are mostly covered in slimy green scales. (AC +3)
You sometimes gain a little power by taking damage.
You are partially covered in sharp spines.
You are strong-willed. (Will+)


Message History

The orc shouts!
Things that are here:
a +0 trident; a +0 ring mail; an orc corpse You feel a strong urge to attack something.
You are no longer berserk.
You are exhausted.
You feel yourself slow down.
The orc warrior shouts!
You can read scrolls again.
You now have 372 gold pieces (gained 20).
You rampage towards the orc warrior!
You start resting.
You feel yourself speed up.
You start resting.
You feel a little less mighty now.
You start resting.
You recover from your berserk rage.
You start resting.
An orc warrior is nearby!
You flicker for a moment.
You start resting.
An orc warrior is nearby!
The orc warrior shouts!
You flicker back into view.
The orc warrior closely misses you.
Okay, then.
You make a move on Xom's chessboard...
The orc warrior resists with significant effort.
The deep elf pyromancer shouts!
The orc warrior cheers noisily.
You block the orc warrior's attack.
Unknown command.
As you read the scroll of teleportation, it crumbles to dust.
You feel strangely unstable. The orc warrior closely misses you.
You rampage towards the orc warrior!
You barely miss the orc warrior.
You kick the orc warrior, but do no damage.
The orc warrior is struck by your spines.
The orc warrior hits you with a +0 glaive!!
You die...
Xom thinks this is hilarious!

.8## #8)#...######......
..#. #..#...............
o.+.. #))'.).............
.o+..## #.)'...............
#.... #.)#...............
#... #8.#...######......
..########))#....≈ ≈..♣....
.......)...o##...≈≈≈≈..♣♣...
...........@.#...≈≈≈≈.....##
.##########..#..≈≈≈≈ # #
####..≈≈≈≈.


You could see an orc warrior.

Vanquished Creatures
  Pikel (D:4)
  An orc knight (Bailey)
  The ghost of Strat the Grave Robber, an amateur DsNe (D:6)
  Edmund (D:6)
  A water moccasin (D:5)
  5 ice beasts
  4 orc warriors (Bailey)
  An ogre (D:5)
  2 lemures (D:4)
  A phantom (D:4)
  2 centaurs (D:6)
  3 bullfrogs
  2 gnoll sergeants
  2 necrophages (D:6)
  2 scorpions
  A wight (D:6)
  A howler monkey (D:4)
  A jelly (D:7)
  A quasit (D:4)
  2 orc priests (D:6)
  5 hounds
  2 iguanas
  9 orc wizards
  4 gnolls (D:5)
  11 adders
  2 white imps (D:5)
  2 ufetubi
  A worm (D:3)
  2 dart slugs (D:1)
  26 orcs
  5 ball pythons
  4 endoplasms
  4 giant cockroaches
  7 goblins
  6 hobgoblins
  7 jackals
  A quokka (D:2)
  7 bats
  2 frilled lizards
  5 kobolds
  6 rats
153 creatures vanquished.

Vanquished Creatures (others)
  An orc wizard (D:6)
  An orc (D:6)
  9 withered plants (D:4)
11 creatures vanquished.

Grand Total: 164 creatures vanquished

Notes
Turn   | Place    | Note
-------+----------+-------------------------------------------
     0 | D:1      | xian the Demonspawn Chaos Knight began the quest for the
                  | Orb.
     0 | D:1      | Reached XP level 1. HP: 18/18 MP: 1/1
   168 | D:1      | Found a faded altar of an unknown god.
   288 | D:1      | Reached skill level 3 in Axes
   288 | D:1      | Gained mutation: You are partially covered in slimy green
                  | scales. (AC +2) [demonic ancestry]
   288 | D:1      | Reached XP level 2. HP: 23/24 MP: 2/2
   334 | D:1      | XOM: divination: detect creatures
   422 | D:1      | Found Lemmehon's Distillery.
   656 | D:1      | Found Guckoc's Antique Armour Shoppe.
   903 | D:1      | Reached skill level 1 in Dodging
  1055 | D:1      | Found Xyan's Weapon Emporium.
  1156 | D:2      | XOM: noise
  1174 | D:2      | Gained mutation: You have large cloven feet. [demonic
                  | ancestry]
  1174 | D:2      | Reached XP level 3. HP: 29/29 MP: 3/3
  1222 | D:2      | You fall into a shaft and drop 2 floors!
  1353 | D:2      | Found an opulent altar of Gozag.
  1564 | D:2      | XOM: silly message
  1621 | D:2      | Reached skill level 1 in Stealth
  1831 | D:3      | XOM: cast spell 'Leda's Liquefaction'
  1836 | D:3      | XOM: silly message
  1879 | D:3      | Found a shimmering altar of Xom.
  2092 | D:3      | XOM: scenery: summon butterflies
  2232 | D:3      | Reached XP level 4. HP: 35/35 MP: 4/4
  2316 | D:3      | XOM: god gift: wand of iceblast (6)
  2368 | D:3      | XOM: divination: detect creatures
  2914 | D:4      | Identified the +0 ring mail of Ru's Supremacy {Rampage
                  | Drain rElec rN+}
  2957 | D:4      | Found an ancient bone altar of Kikubaaqudgha.
  3112 | D:4      | XOM: polymorph jelly -> howler monkey
  3121 | D:4      | Reached skill level 4 in Axes
  3121 | D:4      | Reached XP level 5. HP: 14/42 MP: 5/5
  3266 | D:4      | Gained mutation: You sometimes gain a little power by
                  | taking damage. [demonic ancestry]
  3266 | D:4      | Reached XP level 6. HP: 32/48 MP: 6/6
  3430 | D:4      | XOM: divination: detect items
  3434 | D:4      | XOM: polymorph lemure -> quasit
  3468 | D:4      | XOM: summons 2 friendly demons
  3583 | D:4      | Noticed Pikel
  3583 | D:4      | XOM: cast spell 'Metabolic Englaciation'
  3595 | D:4      | Killed Pikel
  3596 | D:4      | Reached skill level 5 in Axes
  3596 | D:4      | Reached skill level 1 in Evocations
  3596 | D:4      | Gained mutation: You are partially covered in sharp spines.
                  | [demonic ancestry]
  3596 | D:4      | Reached XP level 7. HP: 36/55 MP: 7/7
  3698 | D:4      | XOM: cloud trail
  3885 | D:5      | Entered Level 5 of the Dungeon
  3893 | D:5      | Noticed Blork the orc
  3894 | D:5      | Noticed Blork
  3894 | D:5      | Blork the orc changed into Blork the adder
  3894 | D:5      | XOM: polymorph Blork the orc -> Blork the adder
  3897 | D:5      | Killed Blork the adder
  4028 | D:5      | XOM: cloud trail
  4194 | D:5      | Gained mutation: You have hoof-like feet. [demonic
                  | ancestry]
  4194 | D:5      | Reached XP level 8. HP: 38/61 MP: 8/8
  4298 | D:5      | XOM: god gift: 33 gold pieces
  4605 | D:5      | XOM: noise
  4727 | D:5      | XOM: silly message
  4765 | D:5      | Reached skill level 6 in Axes
  4866 | D:6      | Reached skill level 5 in Armour
  5130 | D:6      | XOM: destruction
  5365 | D:6      | Found a large runed translucent door.
  5365 | D:6      | Found a large runed translucent door.
  5367 | D:6      | Noticed Strat's ghost (amateur DsNe)
  5376 | D:6      | XOM: scenery: summon butterflies
  5379 | D:6      | Killed Strat's ghost
  5380 | D:6      | Reached skill level 5 in Fighting
  5380 | D:6      | Gained mutation: You are mostly covered in slimy green
                  | scales. (AC +3) [demonic ancestry]
  5380 | D:6      | Reached XP level 9. HP: 63/68 MP: 9/9
  5521 | D:6      | XOM: give mutations
  5521 | D:6      | Gained mutation: You are weak. (Str -2) [Xom's mischief]
  5521 | D:6      | Gained mutation: You occasionally lose the ability to read
                  | scrolls when taking damage. [Xom's mischief]
  5521 | D:6      | Gained mutation: You are frail. (-10% HP) [Xom's mischief]
  5628 | D:6      | Noticed Edmund
  5639 | D:6      | Killed Edmund
  5640 | D:6      | Reached skill level 7 in Axes
  5908 | D:6      | XOM: torment (35/61 hp)
  6108 | D:6      | XOM: swap monsters
  6109 | D:6      | XOM: enchant monster (good)
  6111 | D:6      | Reached skill level 1 in Shields
  6121 | D:6      | Reached skill level 1 in Maces & Flails
  6449 | D:7      | XOM: confusion
  6452 | D:7      | XOM: scenery: create altars
  6464 | D:7      | Reached skill level 5 in Dodging
  6566 | D:7      | Found a flagged portal.
  6581 | Bailey   | Entered a bailey
  6772 | Bailey   | Noticed an orc knight
  6774 | Bailey   | XOM: potion effect (invisibility)
  6782 | Bailey   | HP: 2/61 [orc knight/+0 glaive (29)]
  6783 | Bailey   | Lost mutation: You are weak. (Str -2) [potion of mutation]
  6783 | Bailey   | Lost mutation: You are frail. (-10% HP) [potion of
                  | mutation]
  6783 | Bailey   | Lost mutation: You occasionally lose the ability to read
                  | scrolls when taking damage. [potion of mutation]
  6783 | Bailey   | Gained mutation: You are strong-willed. (Will+) [potion of
                  | mutation]
  6788 | Bailey   | Killed an orc knight
  6791 | Bailey   | Found a large runed translucent door.
  6791 | Bailey   | Found a large runed translucent door.
  6792 | Bailey   | HP: 2/102 [orc warrior/+0 trident (12)]
  6795 | Bailey   | Noticed a deep elf pyromancer
  6868 | Bailey   | Slain by an orc warrior

Illustrated notes

Levels and vault maps discovered:
D:1:      dpeg_arrival_simpleton_b, layout_loops_corners, serial_shops,
          nicolae_shop_stone, nicolae_lakefront_shop, nicolae_shop_crystal,
          shapermc_ecumenical_altar_totnotflames
D:2:      layout_loops_ring, basic_altar
D:3:      kennysheep_six_static_rooms, layout_basic, lemuel_crystal_altar,
          patterned_corridor
D:4:      layout_basic, kiku_gazebo_garden_becter, nicolae_tso_carved_into_rock,
          minmay_temple_entry_proselytizer, uniq_pikel
D:5:      layout_basic, cheibrodos_gnoll_hut, uniq_blork_the_orc
D:6:      minmay_opposing_rooms, layout_loops_ring, ebering_ghost_disaster_area,
          uniq_edmund
D:7:      layout_cave_pools, enter_bailey_2
Bailey:   bailey_polearm_elven_captive_hellmonk, bailey

Skill      XL: |  1  2  3  4  5  6  7  8  9 |
---------------+----------------------------+-----
Axes           | 3 4 5 6 7 |  7.4
Armour         | 2 3 4 5 |  5.8
Dodging        | 1 3 4 5 |  5.3
Stealth        | 1 2 3 4 |  4.9
Fighting       | 4 5 |  5.6
Evocations     | 1 |  1.7
Shields        | 1 |  1.6
Maces & Flails | 3 |  3.8

Action                   |  1- 3 |  4- 6 |  7- 9 || total
-------------------------+-------+-------+-------++-------
Melee: Hand axe          |   100 |   142 |   143 ||   385
       Kick              |     8 |    44 |    82 ||   134
       Punch             |       |     2 |       ||     2
       Flail             |       |       |    75 ||    75
Evoke: Wand              |       |     8 |       ||     8
       Piece from Xom's  |       |     2 |     1 ||     3
  Use: Scroll            |     4 |       |     7 ||    11
       Potion            |       |     2 |     9 ||    11
 Stab: Sleeping          |     2 |     2 |     4 ||     8
       Paralysed         |       |     1 |       ||     1
       Petrified         |       |     2 |     5 ||     7
       Confused          |       |       |     1 ||     1
       Invisible         |       |       |     6 ||     6
Armor: Leather armour    |    68 |    31 |       ||    99
       Ring mail         |       |   134 |   101 ||   235
Dodge: Dodged            |    88 |    94 |   141 ||   323
Block: Buckler           |       |       |    34 ||    34
